 Dungeon Crawl Stone Soup version 0.30-a0-390-g80c34de65d (webtiles) character file.

Game seed: 13239163321973743477

256210 freelancePsychic the Severer (level 19, -11/185 HPs)
             Began as a Hill Orc Hexslinger on Dec 4, 2022.
             Was the Champion of Okawaru.
             Mangled by an alligator (64 damage)
             ... called by a spriggan druid
             ... on level 4 of the Swamp.
             The game lasted 01:07:28 (28567 turns).

freelancePsychic the Severer (Hill Orc Hexslinger) Turns: 28567, Time: 01:07:28

Health: -11/185    AC: 37    Str: 24    XL:     19   Next: 80%
Magic:  26/28      EV:  2    Int: 13    God:    Okawaru [******]
Gold:   1280       SH:  0    Dex: 11    Spells: 19/20 levels left

rFire   + . .      SeeInvis .    b - +9 battleaxe of Dust {speed, rElec rC+ rCorr}
rCold   + + .      Faith    .    (shield currently unavailable)
rNeg    . . .      Spirit   .    N - +1 crystal plate armour of a bailey {Regen+}
rPois   +          Reflect  .    w - +0 helmet
rElec   +          Harm     .    n - scarf {rC+ rF+}
rCorr   +          Rampage  .    U - +2 pair of gloves {Str+3}
Will    +....                    d - +2 pair of boots
Stlth   ..........               t - amulet of regeneration
HPRegen 2.10/turn                G - +4 ring of evasion
MPRegen 0.21/turn                F - ring of poison resistance

@: lethally poisoned (-11 -> -11), sleeping, heroic, studying 2 skills
A: no striking features
}: 2/15 runes: decaying, abyssal
a: Renounce Religion, Heroism, Finesse, Duel


You were on level 4 of the Swamp.
You worshipped Okawaru.
Okawaru was exalted by your worship.
You visited 5 branches of the dungeon, and saw 29 of its levels.
You visited the Abyss 1 time.

You collected 3560 gold pieces.
You spent 2280 gold pieces at shops.

Inventory:

Hand Weapons
 a - a +6 broad axe of freezing
 b - the +9 battleaxe of Dust (weapon) {speed, rElec rC+ rCorr}
   (Okawaru gifted it to you on level 15 of the Dungeon)

   Attacks with this weapon are significantly faster.
   rC:        It protects you from cold.
   rElec:     It insulates you from electricity.
   rCorr:     It protects you from acid and corrosion.
 Y - a +1 antimagic broad axe
Missiles
 i - 51 poisoned darts
 y - 2 silver boomerangs
 C - 10 silver javelins
 J - a throwing net
 T - 11 boomerangs (quivered)
 X - 12 javelins
Armour
 d - a +2 pair of boots (worn)
 n - a scarf of resistance (worn)
 w - a +0 helmet (worn)
 N - the +1 crystal plate armour of a bailey (worn) {Regen+}
   (Okawaru gifted it to you on level 8 of the Dungeon)

   Regen:     It increases your rate of health regeneration.
 U - a +2 pair of gloves of strength (worn)
Jewellery
 f - a +4 ring of slaying
 t - an amulet of regeneration (around neck)
 F - a ring of poison resistance (right hand)
 G - a +4 ring of evasion (left hand)
 O - a ring of willpower
 R - a +6 ring of strength
Wands
 p - a wand of digging (3)
 A - a wand of roots (33)
 Q - a wand of mindburst (10)
 S - a wand of quicksilver (14)
 W - a wand of polymorph (27)
 Z - a wand of flame (19)
Scrolls
 c - 4 scrolls of poison
 g - 20 scrolls of teleportation {@r4}
 h - 9 scrolls of blinking
 m - 7 scrolls of amnesia
 q - 3 scrolls of fear
 u - 5 scrolls of noise
 E - 12 scrolls of identify {@r1}
 H - 9 scrolls of magic mapping
 K - 2 scrolls of silence
 L - 5 scrolls of immolation
Potions
 e - 5 potions of lignification
 j - 5 potions of mutation
 k - a potion of magic
 l - 5 potions of heal wounds {@q2}
 r - 2 potions of resistance
 s - 7 potions of brilliance
 v - 2 potions of might
 x - 2 potions of berserk rage
 z - a potion of flight
 B - 8 potions of curing {@q1}
 D - a potion of attraction
 I - 4 potions of ambrosia
 P - 2 potions of haste {@q3}
 V - 3 potions of cancellation
Miscellaneous
 o - a phial of floods
 M - a condenser vane


   Skills:
 - Level 20.0(25.0) Fighting
 - Level 20.0(25.0) Axes
 - Level 1.7(6.7) Ranged Weapons
 + Level 14.8(19.8) Throwing
 + Level 14.5(19.5) Armour
 - Level 1.5(6.5) Dodging
 - Level 14.8(19.8) Shields
 - Level 1.0 Spellcasting
 - Level 3.0 Hexes
 - Level 12.6 Invocations


You had 19 spell levels left.
You knew the following spells:

 Your Spells              Type           Power      Damage    Failure   Level
a - Slow                  Hex            32%        N/A       82%         1

Your spell library contained the following spells:

 Spells                   Type           Power      Damage    Failure   Level
 Apportation              Tloc           0%         N/A       99%         1
 Necrotise                Necr           0%         1d4       99%         1
 Confusing Touch          Hex            8%         N/A       99%         3
 Sublimation of Blood     Necr           0%         N/A       100%        2
 Dazzling Flash           Conj/Hex       8%         N/A       100%        3
 Frozen Ramparts          Ice            0%         1d1       100%        3
 Gell's Gravitas          Tloc           0%         N/A       100%        3
 Inner Flame              Hex/Fire       4%         N/A       100%        3
 Portal Projectile        Hex/Tloc       8%         N/A       100%        3
 Stone Arrow              Conj/Erth      0%         3d7       100%        3
 Teleport Other           Tloc           0%         N/A       100%        3
 Vampiric Draining        Necr           0%         2d6       100%        3
 Cause Fear               Hex            4%         N/A       100%        4
 Flame Wave               Conj/Fire      0%         2d4       100%        4
 Ice Form                 Ice/Tmut       0%         N/A       100%        4
 Petrify                  Tmut/Erth      0%         N/A       100%        4
 Sticky Flame             Conj/Fire      0%         2d3       100%        4
 Agony                    Necr           0%         N/A       100%        5
 Irradiate                Conj/Tmut      0%         3d11      100%        5
 Metabolic Englaciation   Hex/Ice        2%         N/A       100%        5
 Silence                  Hex/Air        2%         N/A       100%        5
 Dispersal                Tloc           0%         N/A       100%        6
 Eringya's Noxious Bog    Tmut/Pois      0%         N/A       100%        6
 Statue Form              Tmut/Erth      0%         N/A       100%        6
 Storm Form               Tmut/Air       0%         N/A       100%        7
 Discord                  Hex            4%         N/A       100%        8
 Lehudib's Crystal Spear  Conj/Erth      0%         10d2      100%        8
 Maxwell's Capacitive Co  Air            0%         ∞         100%        8
 Summon Small Mammal      Summ           Unusable   N/A       N/A         1
 Animate Armour           Summ/Erth      Unusable   N/A       N/A         4
 Summon Ice Beast         Ice/Summ       Unusable   N/A       N/A         4
 Summon Lightning Spire   Summ/Air       Unusable   N/A       N/A         4
 Summon Forest            Summ/Tloc      Unusable   N/A       N/A         5
 Summon Hydra             Summ           Unusable   N/A       N/A         7

Dungeon Overview and Level Annotations

Branches:
Dungeon (15/15)            Temple (0/1) D:5            Lair (5/5) D:8
  Swamp (4/4) Lair:2       Spider (0/4) Lair:2        Slime (0/5) Lair:5
    Orc (2/2) D:10            Elf (3/3) Orc:2        Vaults (0/5) D:13
 Depths (0/4) D:15

Altars:
Dithmenos
Kikubaaqudgha
Nemelex Xobeh
Okawaru
Sif Muna
Wu Jian
The Shining One
Beogh
Jiyva

Shops:
D:1 *   D:6 :   D:7 *   D:8 (   Orc:2 ![?!   Elf:1 ::!(:   Elf:2 (   Elf:3 (*

Annotations:
D:3 Ijyb
D:15 2 transporters, Notaij's ghost, journeyman DrEE
Lair:5 2 transporters, PyroL's ghost, journeyman DsNe
Swamp:4 Aizul
Elf:2 1 runed translucent door


Message History

The alligator completely misses you. The alligator closely misses you.
The spriggan druid barely misses you. Aizul hits you but does no damage.
You slash the spriggan druid!
With its final breath, the spriggan druid offers up its power to the beasts of the wild!
The alligator is healed.
The swamp worm seems to grow more fierce.
The tyrant leech seems to grow more fierce.
The alligator seems to grow more fierce.
You kill the spriggan druid!
Okawaru accepts your kill.
You barely miss Aizul. You closely miss the alligator.
You feel sick.
The swamp worm fires a harpoon shot at you.
The harpoon shot hits you but does no damage.
The alligator completely misses you. x2
You barely miss Aizul.
Aizul is severely wounded.
You slash the alligator!
You feel sick. Aizul hits you but does no damage.
The swamp worm fires a harpoon shot at you.
The harpoon shot hits you.
You are yanked forward by the harpoon shot.
You gain the combat prowess of a mighty hero.
You feel sick. The swamp worm barely misses you.
Aizul coils herself and waves her upper body at you.
You struggle to resist.
Throw: 11 boomerangs
Press: ? - help, Q - select action, (/) - cycle Shift-Dir - straight line, f - Aizul
Aim: Aizul (severely wounded, 57% to hit)
You throw a boomerang. The boomerang closely misses Aizul.
You feel sick. The alligator bites you!! The alligator closely misses you.
The swamp worm bites you!!
* * * LOW HITPOINT WARNING * * *
Throw: 11 boomerangs
Press: ? - help, Q - select action, (/) - cycle Shift-Dir - straight line, f/p - Aizul
Aim: Aizul (severely wounded, 57% to hit)
You throw a boomerang. The boomerang misses Aizul.
You feel sick.
Aizul coils herself and waves her upper body at you.
You fall asleep.
The alligator bites you!!!
You die...

~~~~ ~.~~~~~..!.♣ ♣.~..§~~~ ~~~~
~~~~~~~~~~.. ♣~~~~~~~~ .~~
~~~~§~~~§~~w♣ ♣.§~~~~~~ ~♣
.~~~~~~~§~~~♣♣♣ ♣♣♣.~~~~~~.
♣♣♣♣.~~~~§§~~~).~~♣♣♣♣♣~~~~.~♣♣♣♣
.....~~~~~~~~~)~~..§~~♣♣♣...♣♣
~~~~.~~~~~~~~~....~~........♣
†~§...~.~~~.~~~S.♣.§..~~~..~♣
.†~.♣♣♣..~♣♣♣~~t@~~~..~~~~~♣♣♣
~~~~....~♣♣♣♣.~~.w~.~.~~~~~.~♣
~~~~§~~♣♣♣♣~.~...~~...<~~.~.~~♣
~.~~~~~♣♣♣~~~~........~~~..§~~~~
..~~.~♣~♣♣..~...§≈.^~~.~~♣~♣##♣~
~~♣~.♣†))[~~~...§≈○.^.~~..#.#
..♣♣....♣.†##♣=..≈○.~♣♣♣§♣.#.#
.~<♣♣..~♣#†≈##♣♣....####♣##..≈.
.~~.♣♣..♣.#≈.########†.## ≈≈.≈


You could see Aizul, an alligator (strong), a tyrant leech (strong) and a swamp
worm (strong).

Vanquished Creatures
  A profane servitor (Abyss:3)
  2 deep elf blademasters (Elf:3)
  3 deep elf master archers (Elf:3)
  3 tentacled starspawn
  A thorn hunter (Swamp:3)
  2 fenstrider witches
  4 deep elf sorcerers
  6 deep elf elementalists (Elf:3)
  A ghoul (Swamp:4)
  11 deep elf annihilators
  2 dire elephants (Lair:5)
  2 deep elf demonologists (Elf:3)
  Azrael (D:15)
  5 eleionomae
  3 bunyips
  7 ettins
  2 deep elf death magi (Elf:3)
  4 fire dragons
  A blizzard demon (Abyss:3)
  Snorg (Lair:4)
  6 deep elf high priests (Elf:3)
  Josephine (Orc:1)
  30 hydras
  A ghost crab (Swamp:3)
  A catoblepas (Lair:5)
  An ogre mage (D:15)
  4 boulder beetles
  5 centaur warriors
  11 alligators
  7 two-headed ogres
  19 death yaks
  3 tengu warriors
  Urug (Lair:1)
  13 dancing weapons
  3 deep elf knights
  9 spriggans
  3 skeletal warriors (D:15)
  A shadow wraith (Abyss:3)
  A fire crab (Swamp:4)
  5 spriggan druids
  3 bog bodies
  11 swamp dragons
  3 deep trolls
  2 flayed ghosts (Abyss:3)
  9 deep elf archers
  6 lindwurms
  A wizard (D:15)
  25 deep elf pyromancers
  8 orc knights
  2 manticores
  3 oklob plants
  22 deep elf zephyrmancers
  4 cyclopes
  5 will-o-the-wisps
  A worldbinder (Abyss:3)
  10 ugly things
  A wolf spider (D:13)
  A guardian serpent (shapeshifter) (D:13)
  5 torpor snails (Lair:5)
  A molten gargoyle (Swamp:4)
  10 black mambas
  3 elephants
  A gargoyle (D:10)
  An orange demon (Abyss:3)
  16 cane toads
  4 smoke demons (Abyss:3)
  An efreet (D:15)
  2 rime drakes (Lair:5)
  A tormentor (Abyss:3)
  14 komodo dragons
  A tengu conjurer (D:15)
  3 meliai (D:15)
  A polar bear (Lair:4)
  A silent spectre (Abyss:3)
  A meliai (shapeshifter) (Abyss:3)
  9 tyrant leeches
  12 hornets
  3 raiju (Abyss:3)
  9 trolls
  27 blink frogs
  3 dream sheep
  6 slime creatures (D:14)
  4 starcursed masses (Abyss:3)
  A shadow (D:11)
  2 air elementals
  A vampire (D:12)
  Sigmund (D:2)
  3 culicivoras (Lair:2)
  5 wraiths
  2 small abominations
  3 wyverns
  6 fire elementals
  54 yaks
  6 water elementals
  A neqoxec (Abyss:3)
  9 basilisks
  4 steam dragons
  11 vampire mosquitoes
  A chaos spawn (Abyss:3)
  Menkaure (D:6)
  A warg (shapeshifter) (Elf:1)
  A large abomination (Abyss:3)
  2 hell hounds (D:15)
  5 wargs
  17 swamp worms
  2 acid dragons
  17 water moccasins
  A floating eye (Abyss:3)
  2 sky beasts
  9 swamp drakes
  5 black bears
  40 orc warriors
  2 ice beasts (D:6)
  9 ogres
  9 wolves (Lair:2)
  7 centaurs
  A phantom (D:5)
  4 kobold brigands
  23 bullfrogs
  Blork the orc (D:4)
  4 scorpions
  3 gnoll sergeants (D:10)
  2 necrophages (Swamp:4)
  3 wyvern zombies (D:8)
  4 earth elementals
  10 wights
  4 killer bees (D:8)
  3 electric eels (D:15)
  4 centaur zombies (D:8)
  5 hounds
  2 jellies
  Crazy Yiuf (D:4)
  7 orc priests
  4 iguanas
  Terence (D:3)
  11 orc wizards
  Natasha (thrice) (D:3)
  3 killer bee zombies (D:8)
  3 howler monkey zombies (D:8)
  Robin (D:4)
  12 gnolls
  7 adders
  A shadow imp (D:6)
  6 white imps
  2 ufetubi
  2 worms (D:2)
  64 orcs
  6 bats
  4 endoplasms
  4 giant cockroaches
  15 goblins
  12 hobgoblins
  6 jackals
  20 kobolds
  A quokka (D:3)
  4 ball pythons
  A frilled lizard (D:1)
  6 rats
  3 starspawn tentacles
966 creatures vanquished.

Vanquished Creatures (others)
  4 bloated husks
  A sky beast (D:7)
  4 swamp drakes (Swamp:4)
  A centaur (D:15)
  8 bushes (Lair:5)
  30 foxfires
  47 fungi
  129 plants
  3 starspawn tentacles
  3 withered plants (D:8)
230 creatures vanquished.

Grand Total: 1196 creatures vanquished

Notes
Turn   | Place    | Note
-------+----------+-------------------------------------------
     0 | D:1      | freelancePsychic the Hill Orc Hexslinger began the quest
                  | for the Orb.
     0 | D:1      | Reached XP level 1. HP: 16/16 MP: 2/2
   335 | D:1      | Reached XP level 2. HP: 23/25 MP: 3/3
   474 | D:1      | Found a faded altar of an unknown god.
   745 | D:1      | Prayed at the altar of an unknown god.
   745 | D:1      | Became a worshipper of Warmaster Okawaru
   745 | D:1      | Reached * piety under Okawaru
   883 | D:1      | Found Isokhlese's Assorted Antiques.
   904 | D:1      | Bought a scroll labelled VEIVVUTUZE for 28 gold pieces
  1169 | D:2      | Reached skill level 1 in Invocations
  1345 | D:2      | Reached XP level 3. HP: 29/31 MP: 1/4
  1577 | D:2      | Noticed Sigmund
  1792 | D:2      | Found an ancient bone altar of Kikubaaqudgha.
  1831 | D:2      | Killed Sigmund
  1831 | D:2      | Reached ** piety under Okawaru
  1832 | D:2      | Reached skill level 1 in Throwing
  1832 | D:2      | Reached XP level 4. HP: 32/41 MP: 3/6
  1832 | D:2      | Reached XP level 5. HP: 37/47 MP: 3/7
  2277 | D:3      | Identified the +8 falchion of Indomitability {vorpal, rElec
                  | rN+ Str+3}
  2368 | D:3      | Noticed Natasha
  2542 | D:3      | Reached XP level 6. HP: 50/53 MP: 6/9
  2544 | D:3      | Killed Natasha
  2595 | D:3      | Noticed Natasha
  2599 | D:3      | Killed Natasha
  2600 | D:3      | Reached skill level 5 in Fighting
  2613 | D:3      | Noticed Ijyb
  2654 | D:3      | Noticed Terence
  2680 | D:3      | Killed Terence
  2931 | D:3      | Noticed Natasha
  2934 | D:3      | Killed Natasha
  3552 | D:3      | Reached skill level 5 in Invocations
  3686 | D:4      | Reached XP level 7. HP: 57/61 MP: 10/10
  3844 | D:4      | Identified the +0 ring mail of Eye-covered Knowledge {rPois
                  | rF+ rC+}
  3850 | D:4      | Noticed Blork the orc
  3867 | D:4      | Killed Blork the orc
  4131 | D:4      | Reached *** piety under Okawaru
  4438 | D:4      | Noticed Robin
  4456 | D:4      | Killed Robin
  4466 | D:4      | Found a runed translucent door.
  4467 | D:4      | Noticed Crazy Yiuf
  4637 | D:4      | Killed Crazy Yiuf
  4708 | D:5      | Entered Level 5 of the Dungeon
  4724 | D:5      | Reached XP level 8. HP: 73/73 MP: 10/13
  5077 | D:5      | Found a staircase to the Ecumenical Temple.
  5080 | D:5      | Reached **** piety under Okawaru
  5386 | D:6      | Reached XP level 9. HP: 80/83 MP: 16/16
  5472 | D:6      | Reached skill level 10 in Invocations
  5532 | D:6      | Found Ustit's Tremendous Tomes.
  5565 | D:6      | Reached skill level 1 in Axes
  5565 | D:6      | Reached skill level 1 in Armour
  5582 | D:6      | Received a gift from Okawaru
  5658 | D:6      | Reached skill level 10 in Fighting
  5930 | D:6      | Noticed Menkaure
  5937 | D:6      | Killed Menkaure
  6032 | D:6      | Found an ancient bone altar of Kikubaaqudgha.
  6128 | D:6      | Found a glowing golden altar of the Shining One.
  6331 | D:7      | Reached ***** piety under Okawaru
  6391 | D:7      | Reached skill level 5 in Axes
  6501 | D:7      | Found Naxutseudi's General Store.
  6615 | D:7      | Reached XP level 10. HP: 94/94 MP: 17/17
  6776 | D:8      | Found Saezexub's Weapon Boutique.
  7001 | D:8      | Noticed a two-headed ogre
  7012 | D:8      | Killed a two-headed ogre
  7013 | D:8      | Reached skill level 5 in Armour
  7049 | D:8      | Identified the +1 crystal plate armour of a bailey {Regen+}
                  | (Okawaru gifted it to you on level 8 of the Dungeon)
  7049 | D:8      | Received a gift from Okawaru
  7425 | D:8      | Found a staircase to the Lair.
  7606 | D:8      | Found a sparkling altar of Nemelex Xobeh.
  8671 | D:10     | Entered Level 10 of the Dungeon
  8793 | D:10     | Noticed a gargoyle
  8807 | D:10     | Killed a gargoyle
  8808 | D:10     | Reached XP level 11. HP: 102/105 MP: 16/18
  8909 | D:10     | Found a staircase to the Orcish Mines.
  9117 | D:10     | Received a gift from Okawaru
  9218 | D:10     | Reached skill level 10 in Axes
  9431 | D:10     | Noticed a cyclops
  9440 | D:10     | Killed a cyclops
  9467 | D:10     | Noticed a two-headed ogre
  9474 | D:10     | Killed a two-headed ogre
  9474 | D:10     | Received a gift from Okawaru
  9826 | D:11     | Identified the +4 short sword of the Furious {flame, rN+
                  | Str+4 Dex-5 SInv}
  9897 | D:11     | Reached XP level 12. HP: 113/116 MP: 19/19
 10383 | D:12     | You fall into a shaft and drop 3 floors!
 10383 | D:15     | Entered Level 15 of the Dungeon
 10657 | D:14     | Noticed a tengu warrior
 10657 | D:14     | Noticed a tengu warrior
 10667 | D:14     | Noticed a centaur warrior
 10682 | D:14     | Killed a tengu warrior
 10685 | D:14     | Killed a tengu warrior
 10687 | D:14     | Killed a centaur warrior
 10751 | D:13     | Noticed a centaur warrior
 10842 | D:12     | Noticed a boulder beetle
 10856 | D:12     | Killed a boulder beetle
 10914 | D:12     | Identified the +0 scale mail of Vampiric Thralls {rF+ Str+4
                  | Dex+2} (Okawaru gifted it to you on level 12 of the
                  | Dungeon)
 10914 | D:12     | Received a gift from Okawaru
 10931 | D:12     | Noticed a boulder beetle
 10946 | D:12     | Killed a boulder beetle
 11350 | D:13     | Killed a centaur warrior
 11351 | D:13     | Reached skill level 15 in Fighting
 11483 | D:13     | Reached skill level 5 in Throwing
 11662 | D:13     | Noticed a five-headed hydra
 11668 | D:13     | Killed a five-headed hydra
 11669 | D:13     | Reached XP level 13. HP: 126/126 MP: 17/20
 11730 | D:13     | Found a gate to the Vaults.
 12133 | D:14     | Reached skill level 15 in Axes
 12258 | D:14     | Received a gift from Okawaru
 12281 | D:14     | Reached ****** piety under Okawaru
 12281 | D:14     | Received a gift from Okawaru
 12507 | D:14     | Identified the +4 great sword of Excruciating Pain
                  | {protect, Fly rElec Str+3} (Okawaru gifted it to you on
                  | level 14 of the Dungeon)
 12507 | D:14     | Received a gift from Okawaru
 12693 | D:14     | Found a shadowy altar of Dithmenos.
 12775 | D:14     | Identified the +4 rapier of Arbitration {flame, Str+4
                  | Int+2}
 13213 | Lair:1   | Entered Level 1 of the Lair of Beasts
 13293 | Lair:1   | Noticed Urug
 13310 | Lair:1   | Killed Urug
 14135 | Lair:2   | Found a hole to the Spider Nest.
 14199 | Lair:2   | You fall into a shaft and drop 2 floors!
 14233 | Lair:4   | Reached XP level 14. HP: 135/137 MP: 21/21
 14233 | Lair:4   | Noticed Snorg
 14261 | Lair:4   | Killed Snorg
 14514 | Lair:3   | Received a gift from Okawaru
 14587 | Lair:3   | Received a gift from Okawaru
 14913 | Lair:3   | Identified the +2 ring mail "Plog" {Rampage rN+} (Okawaru
                  | gifted it to you on level 3 of the Lair of Beasts)
 14913 | Lair:3   | Received a gift from Okawaru
 15664 | Lair:2   | Found a staircase to the Swamp.
 15930 | Lair:2   | Reached skill level 1 in Shields
 16191 | Lair:2   | Identified a scroll of acquirement
 16191 | Lair:2   | Acquired a manual of Invocations
 16744 | Lair:2   | Upgraded the game from 0.30-a0-389-g8d7d949f56 to
                  | 0.30-a0-390-g80c34de65d
 17314 | Lair:4   | Reached skill level 5 in Shields
 17672 | Lair:5   | Entered Level 5 of the Lair of Beasts
 17672 | Lair:5   | Found a transporter.
 17896 | Lair:5   | Received a gift from Okawaru
 17907 | Lair:5   | Reached XP level 15. HP: 147/147 MP: 22/22
 17929 | Lair:5   | Found a staircase to the Slime Pits.
 17929 | Lair:5   | Found a viscous altar of Jiyva.
 17969 | Lair:5   | Received a gift from Okawaru
 18084 | Lair:5   | Paralysed by a hornet for 2 turns
 18146 | Lair:5   | Received a gift from Okawaru
 18230 | Lair:5   | Found a runed translucent door.
 18424 | Lair:5   | Reached skill level 10 in Shields
 18434 | Lair:5   | Noticed PyroL's ghost (journeyman DsNe)
 18570 | Lair:5   | Found a transporter.
 18680 | Lair:5   | Reached skill level 10 in Throwing
 18686 | Lair:5   | Received a gift from Okawaru
 18968 | Lair:5   | Paralysed by a hornet for 2 turns
 19598 | Orc:1    | Entered Level 1 of the Orcish Mines
 19619 | Orc:1    | Noticed Josephine
 19629 | Orc:1    | Killed Josephine
 19937 | Orc:2    | Entered Level 2 of the Orcish Mines
 20047 | Orc:2    | Found a staircase to the Elven Halls.
 20187 | Orc:2    | Received a gift from Okawaru
 20222 | Orc:2    | Reached XP level 16. HP: 50/155 MP: 16/23
 20237 | Orc:2    | Found a roughly hewn altar of Beogh.
 20416 | Orc:2    | Found Lerhunov's Distillery.
 20416 | Orc:2    | Found Quduptef's Magic Scroll Emporium.
 20424 | Orc:2    | Received a gift from Okawaru
 20546 | Orc:2    | Found Zeneciqo's Armour Shop.
 20546 | Orc:2    | Found Uliloc's Distillery.
 20814 | Orc:2    | Bought a potion of cancellation for 128 gold pieces
 20814 | Orc:2    | Bought a potion of experience for 800 gold pieces
 20814 | Orc:2    | Bought 2 potions of heal wounds for 160 gold pieces
 20814 | Orc:2    | Bought a potion of heal wounds for 80 gold pieces
 20814 | Orc:2    | Reached XP level 17. HP: 161/161 MP: 24/24
 20824 | Orc:2    | Bought a scroll of teleportation for 45 gold pieces
 20824 | Orc:2    | Bought a scroll of fear for 60 gold pieces
 20824 | Orc:2    | Bought a scroll of teleportation for 45 gold pieces
 20824 | Orc:2    | Bought a scroll of fear for 60 gold pieces
 20824 | Orc:2    | Bought a scroll of magic mapping for 112 gold pieces
 20824 | Orc:2    | Bought a scroll of enchant weapon for 112 gold pieces
 20867 | Elf:1    | Entered Level 1 of the Elven Halls
 21045 | D:15     | Found a transporter.
 21047 | D:15     | Found a transporter.
 21088 | D:15     | Noticed Notaij's ghost (journeyman DrEE)
 21140 | D:15     | Found a staircase to the Depths.
 21338 | D:15     | Noticed Azrael
 21342 | D:15     | Killed Azrael
 21360 | D:15     | Identified the +9 battleaxe of Dust {speed, rElec rC+
                  | rCorr} (Okawaru gifted it to you on level 15 of the
                  | Dungeon)
 21360 | D:15     | Received a gift from Okawaru
 21963 | Elf:1    | Found Itwibier's Weapon Shop.
 22035 | Elf:1    | Reached skill level 10 in Armour
 22123 | Abyss:3  | Cast into level 3 of the Abyss (a deep elf sorcerer)
 22192 | Abyss:3  | Noticed a tentacled starspawn
 22197 | Abyss:3  | Killed a tentacled starspawn
 22262 | Abyss:3  | Got an abyssal rune of Zot
 22288 | Abyss:3  | Noticed a profane servitor
 22307 | Abyss:3  | Killed a profane servitor
 22343 | Abyss:3  | Received a gift from Okawaru
 22379 | Abyss:3  | Noticed a tentacled starspawn
 22385 | Abyss:3  | Killed a tentacled starspawn
 22481 | Abyss:4  | Noticed a tentacled starspawn
 22512 | Abyss:4  | Killed a tentacled starspawn
 22512 | Abyss:4  | Received a gift from Okawaru
 22515 | Elf:1    | Escaped the Abyss
 22541 | Elf:1    | Reached XP level 18. HP: 105/171 MP: 25/25
 22784 | Elf:1    | Found Veseulir's Book Emporium.
 22868 | Elf:1    | Found Mitievyc's Distillery.
 22876 | Elf:1    | Bought a potion of resistance for 170 gold pieces
 22897 | Elf:1    | Found Keelyo's Self-Improvement Boutique.
 22903 | Elf:1    | Found Oghymmua's Book Shoppe.
 23275 | Elf:2    | Found Jececraj's Weapon Boutique.
 23361 | Elf:2    | Paralysed by an air elemental for 1 turns
 23445 | Elf:2    | Found a runed translucent gate.
 23445 | Elf:2    | Found a runed translucent gate.
 23446 | Elf:2    | Found a runed translucent gate.
 23527 | Elf:2    | Found a runed translucent door.
 23546 | Elf:2    | Found a shimmering blue altar of Sif Muna.
 23941 | Elf:3    | Entered Level 3 of the Elven Halls
 24065 | Elf:3    | Found Awigu's Weapon Emporium.
 24108 | Elf:3    | Found Xapemiamn's Neck Hole.
 24113 | Elf:3    | Bought a scarf of resistance for 480 gold pieces
 24398 | Elf:3    | Noticed a deep elf blademaster
 24412 | Elf:3    | Killed a deep elf blademaster
 24414 | Elf:3    | Received a gift from Okawaru
 24422 | Elf:3    | Received a gift from Okawaru
 24442 | Elf:3    | Identified the +1 scale mail of Ethereal Lucidity {rElec
                  | rC+ Will- Slay+2} (Okawaru gifted it to you on level 3 of
                  | the Elven Halls)
 24442 | Elf:3    | Received a gift from Okawaru
 24453 | Elf:3    | Noticed a deep elf master archer
 24460 | Elf:3    | Killed a deep elf master archer
 24472 | Elf:3    | Noticed a deep elf blademaster
 24472 | Elf:3    | Noticed a deep elf master archer
 24482 | Elf:3    | Killed a deep elf master archer
 24482 | Elf:3    | Killed a deep elf blademaster
 24571 | Elf:3    | Identified the +1 spear "Yhotoant" {vamp, Str+2 Int+3}
 24642 | Elf:3    | Identified the +6 battleaxe of the Wheel {venom, rPois
                  | SInv}
 24647 | Elf:3    | Reached XP level 19. HP: 182/183 MP: 26/26
 24672 | Elf:3    | Identified the +5 dagger of Understanding {vorpal, rCorr}
 24685 | Elf:3    | Identified the +2 pair of gloves of Viufom {rElec rCorr
                  | Str-3 SInv}
 24697 | Elf:3    | Identified the ring of Arrival {MP+9 Dex+6}
 24761 | Elf:3    | Identified the ring of Brilliance {rPois rC+ Str-5 Int+4}
 25238 | Swamp:1  | Entered Level 1 of the Swamp
 26036 | Swamp:1  | Received a gift from Okawaru
 26291 | Swamp:2  | Found an ornate altar of the Wu Jian Council.
 27202 | Swamp:2  | Identified the +9 hand axe of Xumyrchoj {vorpal, rN+}
                  | (Okawaru gifted it to you on level 2 of the Swamp)
 27202 | Swamp:2  | Received a gift from Okawaru
 27243 | Swamp:2  | Identified the +5 war axe of Anger {drain, *Rage rCorr
                  | Int+3}
 27559 | Arena    | Entered the Arena
 27589 | Swamp:3  | Paralysed by a fenstrider witch for 3 turns
 27735 | Swamp:3  | Found an ancient bone altar of Kikubaaqudgha.
 28230 | Swamp:4  | Entered Level 4 of the Swamp
 28307 | Swamp:4  | Received a gift from Okawaru
 28407 | Swamp:4  | Got a decaying rune of Zot
 28537 | Swamp:4  | Noticed Aizul
 28567 | Swamp:4  | Mangled by an alligator

Illustrated notes

Levels and vault maps discovered:
D:1:      dpeg_arrival_arbitrary_a, layout_loops_corners,
          basic_ecumenical_altar, serial_shops, shop_coins
D:2:      layout_loops_corners, serial_glass, glass_columns_a, glass_columns_b,
          basic_altar, uniq_sigmund
D:3:      layout_basic, uniq_terence, uniq_ijyb, uniq_natasha
D:4:      layout_loops_cross, serial_co_window_serial, co_window_paths_a,
          co_window_paths_b, co_window_paths_a, co_window_paths_a,
          co_window_corner_a, co_window_paths_a, co_window_paths_a,
          co_window_broadway_c, co_window_of_opportunity_c, co_window_corner_ca,
          glass_columns_c, uniq_blork_the_orc, uniq_crazy_yiuf_cottage,
          uniq_robin
D:5:      layout_rooms, minmay_temple_entry_nine_rooms
D:6:      layout_loops_cross, mainiacjoe_overflow_big_doors,
          nicolae_shop_i_like_big_books, corexii_shack, uniq_menkaure
D:7:      cheibrodos_steamvent, layout_rooms, serial_shops, shop
D:8:      layout_layer_cave, kennysheep_mini_moat,
          grunt_lair_entry_orc_guard_hut, serial_undead, serial_undead_f,
          serial_undead_b, serial_undead_d, serial_undead_e, serial_undead_e,
          serial_undead_c, serial_shops, shop
D:9:      layout_irregular_city, chequers_serial_rivers_micro_d
D:10:     layout_roguey, kennysheep_orc_monster_closet_entryway
D:11:     lemuel_troll_bridge, layout_rooms, chequers_serial_rivers_micro_c
D:12:     layout_gridville
D:13:     layout_long_grid, david_vaults_4, minmay_misc_feat_iff
D:14:     layout_gridville, hangedman_abyss_or_decor_lesser_grid,
          grunt_decor_one_mirror, minmay_misc_feat_alley, grunt_ministairs_6,
          nicolae_dithmenos_through_a_glass_darkly
D:15:     hangedman_depths_entry_civil_slaughter, layout_basic, nicolae_wwwww,
          gammafunk_ghost_hive, uniq_azrael
Lair:1:   layout_hall_layers, grunt_megastairs_4, uniq_urug
Lair:2:   nzn_winding_woodlands_large [nzn_winding_woodlands_5x5_checkerboard,
          nzn_winding_woodlands_5x15_concentric,
          nzn_winding_woodlands_5x5_perimeter,
          nzn_winding_woodlands_center_garden,
          nzn_winding_woodlands_15x15_thick_spiral,
          nzn_winding_woodlands_center_diamonds,
          nzn_winding_woodlands_5x5_three, nzn_winding_woodlands_5x15_zeroes,
          nzn_winding_woodlands_5x5_closed_star], layout_cave_pods,
          minmay_swamp_entry_wisps, hellmonk_spider_entry_life_and_decay,
          lemuel_old_faithful
Lair:3:   layout_cellular_growth, minmay_stone_trees_small, beast_lair_carwin_8,
          infiniplex_staircase_pool
Lair:4:   layout_roguey, minivault_23, uniq_snorg
Lair:5:   wormcave, layout_long_grid, hangedman_lair_in_review, slime_entry_1,
          nzn_ghost_randoct, serial_forest, infiniplex_forest_clump_tiny,
          infiniplex_forest_clump_diagonal, infiniplex_forest_lined_3,
          infiniplex_forest_end_3, infiniplex_forest_clump_medium,
          infiniplex_forest_end_3, infiniplex_forest_split,
          infiniplex_forest_zigzag_1
Swamp:1:  layout_falls_marsh, evilmike_swamp_ruin_house_3, swamp_pool2
Swamp:2:  layout_falls_marsh, nicolae_swamp_godswood,
          infiniplex_staircase_pool_2
Swamp:3:  layout_basic_swamp, basic_altar, grunt_witch_cave
Swamp:4:  swamp_fiery, layout_basic_swamp, uniq_roxanne, uniq_aizul
Orc:1:    layout_caves, uniq_erolcha, uniq_josephine
Orc:2:    st_orc_town, layout_caves
Elf:1:    nicolae_elf_arrival_fired_up, layout_loops_cross, serial_shops,
          shop_fountains, shop, shop, nicolae_shop_statue_plus,
          hangedman_elf_represent, nicolae_shop_self_help
Elf:2:    nicolae_elf_blades_splatter_lattice
          [nicolae_blade_entry_sentries_behind_glass], layout_loops_cross,
          basic_altar, serial_shops, shop, minivault_13
Elf:3:    minmay_elf_hall_quartered_circle, layout_loops_cross, serial_shops,
          nicolae_shop_bloodbath_and_beyond, nicolae_shop_sticking_my_neck_out

Skill      XL: |  1  2  3  4  5  6  7  8  9 10 11 12 13 14 15 16 17 18 19 |
---------------+----------------------------------------------------------+-----
Fighting       | 2 3 4 5 7 9 10 12 13 15 16 17 19 20 | 20.0
Invocations    | 1 3 4 5 7 9 10 12 | 12.6
Throwing       | 1 2 5 7 8 10 11 12 13 14 | 14.8
Axes           | 5 8 11 14 17 18 19 20 | 20.0
Armour         | 4 7 9 10 12 14 | 14.5
Shields        | 6 12 13 14 | 14.8
Ranged Weapons | |  1.7
Dodging        | |  1.5
Spellcasting   | |  1.0
Hexes          | |  3.0

Action                   |  1- 3 |  4- 6 |  7- 9 | 10-12 | 13-15 | 16-18 | 19-21 || total
-------------------------+-------+-------+-------+-------+-------+-------+-------++-------
Melee: Falchion          |       |    74 |   336 |   300 |       |       |       ||   710
       Punch             |       |     1 |     5 |    23 |    14 |       |       ||    43
       Broad axe         |       |       |       |   381 |   992 |   236 |       ||  1609
       Battleaxe         |       |       |       |       |       |   460 |   462 ||   922
 Fire: Sling             |    97 |    32 |       |       |       |       |       ||   129
Throw: Dart              |     7 |     7 |     2 |    19 |     7 |       |       ||    42
       Boomerang         |       |       |       |     5 |   101 |    40 |   109 ||   255
       Javelin           |       |       |       |       |     3 |    25 |       ||    28
 Cast: Slow              |     2 |       |       |       |       |       |       ||     2
Invok: Heroism           |     3 |     3 |     3 |     7 |    10 |     8 |     6 ||    40
       Finesse           |       |       |       |     2 |     2 |     2 |     2 ||     8
       Duel              |       |       |       |       |       |       |     1 ||     1
Evoke: Wand              |       |       |       |       |       |     3 |       ||     3
  Use: Scroll            |     2 |     2 |    11 |    12 |     8 |     7 |     2 ||    44
       Potion            |       |       |       |     3 |       |    15 |     7 ||    25
 Stab: Invisible         |       |       |       |       |       |     9 |       ||     9
Armor: Robe              |    14 |     5 |       |       |       |       |       ||    19
       Scale mail        |       |    29 |     2 |       |       |       |       ||    31
       Ring mail         |       |       |   229 |    20 |       |       |       ||   249
       Crystal plate arm |       |       |       |   658 |   666 |   263 |   420 ||  2007
Dodge: Dodged            |    41 |    42 |   283 |   392 |   308 |   132 |   261 ||  1459
Block: Kite shield       |       |       |       |       |   201 |   128 |       ||   329

Table legend: (Time is in decaauts)
 A = Elapsed time spent in this place.
 B = Non-inter-level travel time spent in this place.
 C = Inter-level travel time spent in this place.
 D = Time resting spent in this place.
 E = Time spent auto-exploring this place.
 F = Levels seen in this place.
 G = Mean time per level.
                   A        B        C        D        E       F      G
               +--------+--------+--------+--------+--------+-----+--------+
         Total |  28102 |  25610 |   2492 |    473 |  19505 |  32 |  878.2 |
       Dungeon |  14970 |  13450 |   1520 |    182 |  10376 |  15 |  998.0 |
          Lair |   6351 |   5834 |    517 |     54 |   4640 |   5 | 1270.2 |
         Swamp |   2616 |   2483 |    133 |    204 |   1781 |   4 |  654.0 |
  Orcish Mines |   1292 |   1140 |    152 |      0 |    832 |   2 |  646.0 |
   Elven Halls |   2534 |   2366 |    168 |     24 |   1750 |   3 |  844.7 |
         Abyss |    311 |    311 |      0 |      0 |    126 |   2 |  155.5 |
         Arena |     26 |     26 |      0 |      9 |      0 |   1 |   26.0 |
               +--------+--------+--------+--------+--------+-----+--------+

Top non-repeatable levels by time:
  Lair:5: 1682 daAuts
  Lair:2: 1548 daAuts
     D:8: 1538 daAuts
     D:3: 1516 daAuts
  Lair:3: 1204 daAuts
     D:1: 1159 daAuts
    D:10: 1129 daAuts
     D:2: 1127 daAuts
    D:14: 1108 daAuts
     D:4: 1093 daAuts
  Lair:1: 1023 daAuts
    D:15: 974 daAuts
   Orc:2: 927 daAuts
   Elf:3: 923 daAuts
     D:6: 917 daAuts
